 Dungeon Crawl Stone Soup version 0.29-a0-559-g359e09b9d1 (webtiles) character file.

Game seed: 6500378428262915506

2137 Crownlay the Purveyor of Pain (level 9, 0/62 (66) HPs)
             Began as a Demonspawn Necromancer on June 10, 2022.
             Was an Initiate of Kikubaaqudgha.
             Slain by a wight
             ... wielding a +2 scimitar
              (15 damage)
             ... on level 7 of the Dungeon.
             The game lasted 00:21:24 (10371 turns).

Crownlay the Purveyor of Pain (DsNe)               Turns: 10371, Time: 00:21:25

HP:   0/62 (66)     AC:  3    Str:  9    XL:     9   Next: 9%
MP:   18/18         EV: 13    Int: 26    God:    Kikubaaqudgha [......]
Gold: 259           SH:  5    Dex: 14    Spells: 10/20 levels left

rFire   . . .      SeeInvis .   I - +2 long sword
rCold   . . .      Faith    .   (no shield)
rNeg    . . .      Spirit   .   a - +0 robe
rPois   +          Reflect  +   (helmet restricted)
rElec   .          Harm     .   u - scarf {+Inv}
rCorr   .          Rampage  .   L - +0 pair of gloves
Will    .....                   (no boots)
Stlth   ++........              n - amulet of reflection
HPRegen 0.20/turn               d - ring of poison resistance
MPRegen 0.16/turn               r - +6 ring of intelligence

@: drained
A: horns 1, foul stench 1, demonic magic 1
a: Renounce Religion, Evoke Invisibility


You were on level 7 of the Dungeon.
You worshipped Kikubaaqudgha.
Kikubaaqudgha was noncommittal.
You visited 2 branches of the dungeon, and saw 8 of its levels.
You also visited: Sewer.

You collected 259 gold pieces.

Inventory:

Hand Weapons
 f - a +2 war axe
 I - a +2 long sword (weapon)
 K - a +5 halberd
Armour
 a - a +0 robe (worn)
 u - a scarf of invisibility (worn)
 L - a +0 pair of gloves (worn)
Jewellery
 d - a ring of poison resistance (left hand)
 m - a +4 ring of protection
 n - an amulet of reflection (around neck)
 r - a +6 ring of intelligence (right hand)
Wands
 z - a wand of digging (6)
 C - a wand of polymorph (8)
 H - a wand of flame (19)
Scrolls
 e - 2 scrolls of immolation
 i - 7 scrolls of teleportation
 l - 3 scrolls of fear
 q - 4 scrolls of vulnerability
 t - 2 scrolls of summoning
 y - a scroll of brand weapon
 B - 2 scrolls of amnesia
 F - a scroll of torment {unknown}
 G - a scroll of blinking {unknown}
 J - a scroll of identify
Potions
 b - a potion of magic
 c - 3 potions of might {unknown}
 g - 3 potions of berserk rage
 h - 2 potions of brilliance {unknown}
 j - 3 potions of curing {unknown}
 k - 2 potions of attraction {unknown}
 o - a potion of invisibility {unknown}
 p - a potion of lignification {unknown}
 s - 3 potions of heal wounds {unknown}
 v - a potion of ambrosia {unknown}
 w - 4 potions of degeneration {unknown}
 x - 4 potions of resistance
 A - 4 potions of mutation
 D - 2 potions of haste {unknown}
 E - 2 potions of flight {unknown}


   Skills:
 + Level 4.5 Fighting
 + Level 4.1 Armour
 + Level 4.6 Dodging
 - Level 1.7 Stealth
 - Level 6.0 Spellcasting
 - Level 8.0 Necromancy


You had 10 spell levels left.
You knew the following spells:

 Your Spells              Type           Power      Damage    Failure   Level
a - Necrotize             Necr           100%       1d9       1%          1
b - Animate Dead          Necr           49%        N/A       2%          4
c - Agony                 Necr           49%        N/A       7%          5

Your spell library contained the following spells:

 Spells                   Type           Power      Damage    Failure   Level
 Vampiric Draining        Necr           49%        2d9       1%          3
 Apportation              Tloc           14%        N/A       7%          1
 Summon Small Mammal      Summ           28%        N/A       7%          1
 Ensorcelled Hibernation  Hex/Ice        14%        N/A       11%         2
 Passwall                 Tmut/Erth      5%         N/A       11%         2
 Confusing Touch          Hex            7%         N/A       21%         3
 Swiftness                Air            7%         N/A       21%         3
 Yara's Violent Unravell  Hex/Tmut       3%         3d4       88%         5
 Enfeeble                 Hex            3%         N/A       100%        7


Dungeon Overview and Level Annotations

Branches:
Dungeon (7/15)             Temple (1/1) D:6           Sewer (visited)

Altars:
Ashenzari
Cheibriados
Elyvilon
Fedhas
Gozag
Hepliaklqana
Kikubaaqudgha
Makhleb
Okawaru
Qazlal
Ru
Sif Muna
Trog
Uskayaw
Vehumet
Yredelemnul
The Shining One

Shops:
D:1 =

Annotations:
D:6 1 runed translucent door, dezertu's ghost, novice HOFi


Innate Abilities, Weirdness & Mutations

You have a pair of small horns on your head.
You may rarely emit foul miasma when damaged in melee.
Spells you cast may paralyse adjacent enemies.


Message History

You finish putting on your +0 pair of gloves.
You swap places.
Things that are here:
a +0 robe; a +0 halberd
There is an escape hatch in the ceiling here.
You start resting.
Your gnoll skeleton crumbles into dust!
Magic restored.
You start resting.
There are monsters nearby!
The wight hits you with a +0 halberd!
You hit the wight. You headbutt the wight.
The wight is heavily damaged.
The wight misses you.
You closely miss the wight.
The wight is heavily damaged.
The wight barely misses you.
You hit the wight.
The wight is almost destroyed.
The wight misses you. The wight hits you with a +0 halberd!
You feel drained.
You emit a cloud of foul miasma!
You slash the wight!
You destroy the wight!
Kikubaaqudgha accepts your kill.
Your life force feels restored.
You hit the wight. You headbutt the wight.
The wight is moderately damaged.
The wight hits you with a +2 scimitar!
You feel drained. The wight hits you with a +2 scimitar!
* * * LOW HITPOINT WARNING * * *
You feel drained.
* * * LOW HITPOINT WARNING * * *
You closely miss the wight.
The wight is moderately damaged.
The wight misses you.
You hit the wight but do no damage.
The wight is moderately damaged.
The wight hits you with a +2 scimitar!
You die...
Kikubaaqudgha rasps: "You have failed me!
Welcome... death!"

...# #...<...# ####### #.
...#####.##.##.####.....#
#.
.........##.............#
#.
.....#......z...........#
#.
..<......#####.#........#
#.
...#####.......#.##.....#
#####. ...#
###.......#.########
#..... ..[#...#########z#
#.#### .....# #@# ### #.#
# ....## #.####.## #.# #
z....# #.......#####.# #
####... ######.....##.#
#.## #.#..Z...# ..
#.#.#.#### .#. #...#.# .#
#.###.# #.. ..#


You could see a wight.

Vanquished Creatures
  Sigmund (D:3)
  A water moccasin (D:5)
  A black bear (D:7)
  An ogre (D:5)
  3 centaurs
  A phantom (D:7)
  A gnoll sergeant (D:6)
  2 scorpions
  8 wights
  4 hounds
  2 jellies (D:5)
  Jessica (D:3)
  5 iguanas
  An orc wizard (D:3)
  A gnoll (D:7)
  7 river rats (Sewer)
  11 adders
  2 white imps (D:6)
  5 dart slugs
  5 orcs (D:3)
  9 endoplasms
  3 giant cockroaches (D:4)
  4 goblins
  6 hobgoblins
  5 jackals
  7 quokkas
  8 ball pythons
  3 bats (D:3)
  7 frilled lizards
  21 kobolds
  13 rats
  A spectral hobgoblin (D:1)
150 creatures vanquished.

Vanquished Creatures (collateral kills)
  An ogre (D:5)
  2 river rats (Sewer)
  A white imp (D:6)
  An ufetubus (D:2)
  An orc (D:6)
  An endoplasm (D:2)
  A quokka (D:4)
  A kobold (Sewer)
  10 rats
19 creatures vanquished.

Vanquished Creatures (others)
  A centaur zombie (D:6)
  A black bear zombie (D:7)
  A scorpion zombie (D:5)
  An ogre zombie (D:5)
  A hound zombie (D:6)
  2 adder zombies (Sewer)
  2 iguana zombies
  A river rat zombie (Sewer)
  A kobold zombie (Sewer)
  An orc zombie (D:6)
  A rat zombie (Sewer)
  2 plants (D:7)
  4 toadstools (D:1)
19 creatures vanquished.

Grand Total: 188 creatures vanquished

Notes
Turn   | Place    | Note
-------+----------+-------------------------------------------
     0 | D:1      | Crownlay the Demonspawn Necromancer began the quest for the
                  | Orb.
     0 | D:1      | Reached XP level 1. HP: 13/13 MP: 3/3
   351 | D:1      | Gained mutation: You have a pair of small horns on your
                  | head. [demonic ancestry]
   351 | D:1      | Reached XP level 2. HP: 19/19 MP: 3/5
   454 | D:1      | Found a faded altar of an unknown god.
   753 | D:1      | Found Aciap's Jewellery Boutique.
  1043 | D:2      | Identified the +2 scale mail "Visutici" {-Cast rElec rPois
                  | rCorr}
  1759 | D:2      | Reached XP level 3. HP: 23/24 MP: 4/7
  1764 | D:2      | Reached skill level 5 in Necromancy
  2183 | D:3      | Noticed Sigmund
  2619 | D:3      | Gained mutation: You may rarely emit foul miasma when
                  | damaged in melee. [demonic ancestry]
  2619 | D:3      | Reached XP level 4. HP: 20/27 MP: 3/8
  2778 | D:3      | Noticed Jessica
  2785 | D:3      | Killed Jessica
  2879 | D:3      | Killed Sigmund
  2880 | D:3      | Reached skill level 6 in Necromancy
  2880 | D:3      | Gained mutation: Spells you cast may paralyse adjacent
                  | enemies. [demonic ancestry]
  2880 | D:3      | Reached XP level 5. HP: 11/35 MP: 2/11
  2880 | D:3      | Reached XP level 6. HP: 13/41 MP: 2/12
  3205 | D:3      | Learned a level 4 spell: Animate Dead
  3211 | D:3      | Learned a level 5 spell: Agony
  4114 | D:4      | Reached skill level 1 in Fighting
  4118 | D:4      | Found a glowing drain.
  4142 | Sewer    | Entered a sewer
  4230 | Sewer    | Reached skill level 1 in Armour
  4586 | Sewer    | Reached XP level 7. HP: 48/48 MP: 3/14
  5638 | D:5      | Entered Level 5 of the Dungeon
  5642 | D:5      | Reached skill level 7 in Necromancy
  5758 | D:5      | Reached skill level 5 in Spellcasting
  6340 | D:5      | Found a hazy altar of Hepliaklqana.
  6347 | D:5      | Reached XP level 8. HP: 22/57 MP: 7/15
  8205 | D:6      | Found a broken altar of Ashenzari.
  8562 | D:6      | Found a staircase to the Ecumenical Temple.
  8567 | D:6      | Found a runed translucent door.
  8567 | D:6      | Noticed dezertu's ghost (novice HOFi)
  8588 | Temple   | Entered the Ecumenical Temple
  8838 | Temple   | Became a worshipper of Kikubaaqudgha
  8900 | D:6      | Reached skill level 8 in Necromancy
  9271 | D:6      | HP: 3/60 [gnoll sergeant/+3 trident of venom (11)]
  9959 | D:7      | Found a burning altar of Makhleb.
 10018 | D:7      | Reached XP level 9. HP: 51/66 MP: 14/18
 10371 | D:7      | Slain by a wight

Illustrated notes

Levels and vault maps discovered:
D:1:      ldierk_walled_garden_2, layout_loops_ring, serial_shops, shop,
          dreamdust_ecumenical_altar_drowned_temple
D:2:      layout_basic, minmay_divided_ellipse
D:3:      layout_loops_cross, nrook_loot_triangle, uniq_sigmund, uniq_jessica
D:4:      layout_loops_cross, gup_sewer_entry_pipe
D:5:      layout_loops_ring, mainiacjoe_overflow_six_doors_small,
          nicolae_underground_beach
D:6:      layout_loops_corners, nicolae_overflow_crystal_walls,
          minmay_temple_entry_crystal_x, gammafunk_ghost_grave,
          grunt_ministairs_7
D:7:      layout_loops_cross, mainiacjoe_overflow_boulevard,
          grunt_temple_overflow_open
Temple:   minmay_temple_curvy_branch

Skill      XL: |  1  2  3  4  5  6  7  8 |
---------------+-------------------------+-----
Necromancy     | 5 6 7 8 |  8.0
Spellcasting   | 3 4 5 6 |  6.0
Dodging        | 2 3 4 |  4.6
Fighting       | 1 2 4 |  4.5
Armour         | 1 2 4 |  4.1
Stealth        | |  1.7

Action                   |  1- 3 |  4- 6 |  7- 9 || total
-------------------------+-------+-------+-------++-------
Melee: Short sword       |    22 |    78 |   113 ||   213
       Unarmed           |     2 |       |       ||     2
       Headbutt          |     1 |    14 |    48 ||    63
       Punch             |     1 |       |     1 ||     2
       Long sword        |       |       |    74 ||    74
 Cast: Necrotize         |    67 |    70 |    48 ||   185
       Animate Dead      |       |     5 |    16 ||    21
Evoke: Wand              |       |       |     3 ||     3
  Use: Scroll            |     3 |     3 |     2 ||     8
       Potion            |       |       |     1 ||     1
 Stab: Paralysed         |       |     2 |     9 ||    11
       Sleeping          |       |     1 |     1 ||     2
Armor: Robe              |     4 |     9 |    17 ||    30
Dodge: Dodged            |    42 |    46 |   123 ||   211
Block: Other             |     3 |    14 |    45 ||    62
       Reflection        |       |       |     2 ||     2

Table legend: (Time is in decaauts)
 A = Elapsed time spent in this place.
 B = Non-inter-level travel time spent in this place.
 C = Inter-level travel time spent in this place.
 D = Time resting spent in this place.
 E = Time spent auto-exploring this place.
 F = Levels seen in this place.
 G = Mean time per level.
                   A        B        C        D        E       F      G
               +--------+--------+--------+--------+--------+-----+--------+
         Total |  10477 |  10091 |    386 |   1484 |   6680 |   9 | 1164.1 |
       Dungeon |   8962 |   8583 |    379 |   1208 |   5738 |   7 | 1280.3 |
        Temple |    258 |    251 |      7 |      0 |    245 |   1 |  258.0 |
         Sewer |   1256 |   1256 |      0 |    276 |    696 |   1 | 1256.0 |
               +--------+--------+--------+--------+--------+-----+--------+

Top non-repeatable levels by time:
     D:6: 2155 daAuts
     D:5: 1762 daAuts
     D:3: 1300 daAuts
   Sewer: 1256 daAuts
     D:1: 1198 daAuts
     D:2: 1182 daAuts
     D:4: 758 daAuts
     D:7: 605 daAuts
  Temple: 258 daAuts
